 Dungeon Crawl Stone Soup version 0.19.1-1-g22dce08 (webtiles) character file.

2202 PossumBlood the Cleaver (level 9, 0/83 HPs)
             Began as a Minotaur Fighter on Jan 20, 2017.
             Slain by a meliai zombie (4 damage)
             ... on level 7 of the Dungeon.
             The game lasted 00:08:15 (5269 turns).

PossumBlood the Cleaver (Minotaur Fighter)          Turns: 5269, Time: 00:08:15

Health: 0/83       AC:  9    Str: 30    XL:     9   Next: 12%
Magic:  8/8        EV:  7    Int:  5    God:
Gold:   287        SH: 12    Dex:  9    Spells: 0 memorised, 8 levels left

rFire  . . .     SeeInvis .     a - +0 war axe
rCold  + . .     Gourm    .     b - +0 scale mail
rNeg   . . .     Faith    .     j - +2 shield {rF+}
rPois  .         Spirit   .     (helmet restricted)
rElec  .         Reflect  .     (no cloak)
rCorr  .         Harm     .     p - +0 pair of gloves
MR     .....                    r - +0 pair of boots
Stlth  ..........               (no amulet)
                                (no ring)
                                g - ring of ice

@: mighty, about to teleport, flying
A: retaliatory headbutt, horns 2
a: no special abilities


You were on level 7 of the Dungeon.
You were not hungry.

You visited 2 branches of the dungeon, and saw 8 of its levels.

You collected 287 gold pieces.

Inventory:

Hand Weapons
 a - a +0 war axe (weapon)
 w - a +2 battleaxe
Missiles
 m - 6 tomahawks (quivered)
Armour
 b - a +0 scale mail (worn)
 c - a +1 shield
 j - a +2 shield of fire resistance (worn)
 p - a +0 pair of gloves (worn)
 r - a +0 pair of boots (worn)
Jewellery
 g - a ring of ice (left hand)
Wands
 k - a wand of lightning (8/15)
 u - a wand of flame (20/48)
Scrolls
 e - 7 scrolls of identify
 f - 6 scrolls of remove curse
 n - a scroll of fog
 t - a scroll of magic mapping
Potions
 d - 2 potions of might
 s - a potion of ambrosia
 v - a potion of flight
Comestibles
 h - a beef jerky
 i - 6 fruits
 q - a meat ration


   Skills:
 + Level 9.1 Fighting
 * Level 11.8 Axes
 - Level 3.6 Armour
 - Level 3.6 Shields


You had 8 spell levels left.
You didn't know any spells.

Dungeon Overview and Level Annotations

Branches:
Dungeon (7/15)             Temple (1/1) D:6

Altars:
Ashenzari
Cheibriados
Dithmenos
Elyvilon
Fedhas
Gozag
Hepliaklqana
Kikubaaqudgha
Makhleb
Nemelex Xobeh
Qazlal
Ru
Trog
Uskayaw
Vehumet
Xom
Yredelemnul
Zin
The Shining One

Shops:
D:5 *


Innate Abilities, Weirdness & Mutations

You reflexively headbutt those who attack you in melee.
You have a pair of horns on your head.


Message History

The hellwing hits the withered plant but does no damage. x2
As you read the scroll of teleportation, it crumbles to dust.
You feel strangely unstable.
The meliai zombie hits you but does no damage. x2
The centaur warrior zombie hits the withered plant but does no damage.
Something hits the withered plant but does no damage.
The meliai zombie hits you.
* * * LOW HITPOINT WARNING * * *
You block the meliai zombie's attack.
The shadow imp hits the withered plant but does no damage.
Something bites the withered plant but does no damage.
The hellwing closely misses you. You block the hellwing's attack.
The centaur warrior zombie hits the withered plant.
Something hits the withered plant but does no damage.
The shadow imp shouts, "Scamper away, thou obnoxious dismal-dreaming cretin!"
The hellwing hits the withered plant!
The hellwing hits the withered plant.
The meliai zombie hits you but does no damage.
The meliai zombie closely misses you. The meliai zombie hits you.
You die...

........∩?..
#........$..
#..........P
.....P.....
......88.P
..####.5......P
.......P45Z...P
#####.###.#
#.@ZZ4....#
#.###..#### #<#
...# #.# .#.#
#.##. .# #....
.# ####. ##


You could see a hellwing, a centaur warrior zombie and a meliai zombie.

Vanquished Creatures
  A centaur skeleton (D:7)
  A two-headed ogre (D:4)
  Eustachio (D:5)
  A water moccasin (D:5)
  An ice beast (D:5)
  3 ogres
  A centaur (D:5)
  7 wights (D:6)
  A crimson imp (D:5)
  A bullfrog zombie (D:6)
  A jelly (D:5)
  4 hounds
  A bullfrog skeleton (D:7)
  An orc wizard (D:5)
  Ijyb (D:2)
  3 iguanas
  6 worker ants
  A hound skeleton (D:6)
  Robin (D:2)
  4 adders
  3 gnolls (D:2)
  A shadow imp (D:5)
  A dart slug (D:3)
  2 worms
  2 leopard geckos
  6 orcs
  8 giant cockroaches
  12 goblins
  11 hobgoblins
  3 jackals (D:4)
  A quokka (D:4)
  2 ball pythons
  10 bats
  6 frilled lizards
  6 kobolds
  A leopard gecko zombie (D:6)
  10 rats
126 creatures vanquished.

Vanquished Creatures (others)
  2 withered plants (D:7)
2 creatures vanquished.

Grand Total: 128 creatures vanquished

Notes
Turn   | Place    | Note
-------+----------+-------------------------------------------
     0 | D:1      | PossumBlood the Minotaur Fighter began the quest for the Orb.
     0 | D:1      | Reached XP level 1. HP: 19/19 MP: 0/0
    46 | D:1      | Reached skill level 3 in Axes
    76 | D:1      | Reached XP level 2. HP: 27/27 MP: 1/1
   757 | D:2      | Noticed Robin
   759 | D:2      | Reached XP level 3. HP: 32/33 MP: 2/2
   771 | D:2      | Killed Robin
   771 | D:2      | Reached skill level 4 in Axes
  1120 | D:2      | Reached XP level 4. HP: 41/41 MP: 3/3
  1349 | D:2      | Reached skill level 5 in Axes
  1464 | D:2      | Noticed Ijyb
  1478 | D:2      | Killed Ijyb
  1631 | D:3      | Reached XP level 5. HP: 47/47 MP: 4/4
  1799 | D:3      | Reached skill level 5 in Fighting
  2208 | D:4      | Reached skill level 6 in Axes
  2288 | D:4      | Reached XP level 6. HP: 44/56 MP: 5/5
  2415 | D:4      | Reached skill level 7 in Axes
  3075 | D:4      | Noticed a two-headed ogre
  3080 | D:4      | Killed a two-headed ogre
  3080 | D:4      | Reached skill level 8 in Axes
  3080 | D:4      | Reached XP level 7. HP: 50/64 MP: 6/6
  3215 | D:5      | Entered Level 5 of the Dungeon
  3237 | D:5      | Found a blossoming altar of Fedhas.
  3296 | D:5      | Found a blossoming altar of Fedhas.
  3311 | D:5      | Reached skill level 9 in Axes
  3391 | D:5      | Noticed Eustachio
  3402 | D:5      | Killed Eustachio
  3402 | D:5      | Reached XP level 8. HP: 67/73 MP: 7/7
  3438 | D:5      | Found Caotoog's General Store.
  3496 | D:5      | Reached skill level 10 in Axes
  3538 | D:5      | Found a glowing golden altar of the Shining One.
  3871 | D:6      | Found a staircase to the Ecumenical Temple.
  3880 | Temple   | Entered the Ecumenical Temple
  4776 | D:6      | Reached skill level 11 in Axes
  5250 | D:7      | Noticed a hellwing
  5260 | D:7      | Noticed a hellwing
  5260 | D:7      | Reached XP level 9. HP: 67/83 MP: 8/8
  5266 | D:7      | HP: 4/83 [meliai zombie (6)]
  5269 | D:7      | Slain by a meliai zombie

Skill      XL: |  1  2  3  4  5  6  7  8 |
---------------+-------------------------+-----
Axes           | 3 4 5 6 8 9 11 | 11.8
Fighting       | 4 5 6 7 9 |  9.1
Armour         | |  3.6
Shields        | |  3.6

Action                   |  1- 3 |  4- 6 |  7- 9 || total
-------------------------+-------+-------+-------++-------
Melee: War axe           |    76 |   136 |   130 ||   342
       Headbutt          |     9 |    25 |    25 ||    59
  Use: Scroll            |     3 |     3 |     6 ||    12
       Potion            |     2 |     3 |     4 ||     9
  Eat: Bread ration      |     1 |     1 |     1 ||     3
       Fruit             |       |     1 |       ||     1
Armor: Scale mail        |    28 |    46 |    60 ||   134
Dodge: Dodged            |    33 |    45 |    29 ||   107
Block: Shield            |    51 |    68 |    96 ||   215
